 Dungeon Sprint DCSS version 0.31-a0-654-gbe3e110b4e (webtiles) character file.

Game seed: 15886323033780063169

12874 Midn8 the Demonic Cataclysm (level 11, -17/90 HPs)
             Began as a Demonspawn Fighter on Aug 29, 2023.
             Was a High Priest of Qazlal.
             Killed from afar by Gueth the pandemonium lord (65 damage)
             ... with an entropic shot
             ... in the Dungeon (Sprint V: "Ziggurat Sprint").
             The game lasted 00:05:12 (446 turns).

Midn8 the Demonic Cataclysm (Demonspawn Fighter)     Turns: 446, Time: 00:05:13

Health: -17/90     AC: 35    Str: 27    XL:     11   Next: 68%
Magic:  5/28       EV:  1    Int: 16    God:    Qazlal [*****.]
Gold:   0          SH: 33    Dex: 12    Spells: 10/10 levels left

rFire   . . .        I - +11 Singing Sword {sonic wave}
rCold   . . .        H - +18 shield of the Gong {Loud rN+ Will+ rCorr EV-5}
rNeg    + . .        G - +15 Maxwell's patent armour {-Cast -Tele rElec Will+ rCorr}
rPois   .            (helmet restricted)
rElec   +            (no cloak)
rCorr   +            (no gloves)
SInv    .            (no boots)
Will    ++...        (no amulet) Stlth
                     D - +6 ring of strength
HPRegen 2.35/turn    K - +4 ring of protection
MPRegen 0.21/turn

%: no teleportation, no spellcasting, repel missiles, wizardry (x1)
@: protected from physical damage, studying Short Blades
A: antennae 2, ignite blood 1, powered by death 2, big brain 3
a: Renounce Religion, Upheaval, Elemental Force, Disaster Area


You were in the Dungeon.
You worshipped Qazlal.
Qazlal was extremely pleased with you.
You visited 1 branch

Inventory:

Hand Weapons
 a - a +0 war axe
 F - the +16 obsidian axe {drain, demonic, Mesm Drain Fly SInv}
   (You found it in the Dungeon)

   Mesm:      Its wielder is mesmerised by any visible foes, and it cannot be
   unequipped while any foes are visible.
   SInv:      It lets you see invisible.
   Fly:       It grants you flight.
   Drain:     It drains your maximum health when unequipped.
 I - the +11 Singing Sword (weapon) {sonic wave}
   (You found it in the Dungeon)
Armour
 b - a +0 scale mail
 c - a +0 buckler
 k - a +5 crystal plate armour
 l - +5 gold dragon scales
 m - an orb of mayhem
 G - the +15 Maxwell's patent armour (worn) {-Cast -Tele rElec Will+ rCorr}
   (You found it in the Dungeon)

   rElec:     It insulates you from electricity.
   Will+:     It increases your willpower.
   -Cast:     It prevents spellcasting.
   -Tele:     It prevents most forms of teleportation.
   rCorr:     It protects you from acid and corrosion.
 H - the +18 shield of the Gong (worn) {Loud rN+ Will+ rCorr EV-5}
   (You found it in the Dungeon)

   Loud:      It is deafeningly noisy when blocking attacks.
   EV-5:      It affects your evasion (-5).
   rN+:       It protects you from negative energy.
   Will+:     It increases your willpower.
   rCorr:     It protects you from acid and corrosion.
Jewellery
 y - a ring of flight
 z - a +6 ring of dexterity
 A - a +6 ring of dexterity
 B - a +6 ring of intelligence
 C - a +6 ring of intelligence
 D - a +6 ring of strength (left hand)
 E - a +6 ring of strength
 J - a ring of magical power
 K - a +4 ring of protection (right hand)
 M - an amulet of guardian spirit
Wands
 v - a wand of mindburst (6)
 w - a wand of iceblast (6)
 x - a wand of acid (7)
 L - a wand of flame (28)
Scrolls
 j - 4 scrolls of blinking
 r - 4 scrolls of amnesia
 s - 7 scrolls of fog
 t - 5 scrolls of identify
 u - 2 scrolls of fear
Potions
 d - 6 potions of might
 e - 8 potions of curing
 f - 10 potions of heal wounds
 g - 10 potions of haste
 h - 7 potions of magic
 i - 3 potions of berserk rage
 n - 2 potions of brilliance
 o - 2 potions of invisibility
 p - 4 potions of resistance


   Skills:
 - Level 10.0 Fighting
 - Level 8.1 Long Blades
 - Level 1.7 Axes
 + Level 8.1 Armour
 - Level 2.6 Shields
 O Level 27 Invocations


You had 10 spell levels left.
You didn't know any spells.
Your spell library contained the following spells:

 Spells                   Type           Power      Damage    Failure   Level
 Shock                    Conj/Air       0%         1d3       87%         1
 Sting                    Tmut/Pois      0%         1d3       87%         1
 Lesser Beckoning         Tloc           0%         N/A       95%         2
 Ignite Poison            Fire/Tmut/Pois 0%         N/A       99%         3
 Stone Arrow              Conj/Erth      0%         3d7       99%         3
 Swiftness                Air            0%         N/A       99%         3
 Volatile Blastmotes      Fire/Tloc      0%         2d10      99%         3
 Airstrike                Air            0%         2d(0-16)  100%        4
 Sticky Flame             Conj/Fire      0%         2d3       100%        4
 Borgnjor's Vile Clutch   Necr/Erth      0%         N/A       100%        5
 Dispersal                Tloc           0%         N/A       100%        6
 Ignition                 Fire           0%         3d3       100%        8
 Lehudib's Crystal Spear  Conj/Erth      0%         10d2      100%        8


Dungeon Overview and Level Annotations

Branches:
Dungeon (1/1)

Altars:
Ashenzari
Cheibriados
Dithmenos
Fedhas
Gozag
Hepliaklqana
Kikubaaqudgha
Makhleb
Nemelex Xobeh
Okawaru
Qazlal
Ru
Sif Muna
Trog
Uskayaw
Vehumet
Wu Jian
Xom
Yredelemnul
Jiyva
Lugonu

Annotations:
D 1 transporter


Innate Abilities, Weirdness & Mutations

You have a pair of antennae on your head.
Your demonic aura sometimes causes spilled blood to erupt in flames.
You regenerate health from kills.
You have an absolutely massive brain. (Int +6, Wiz)


Message History

BOUMMMMG!
The reaper is engulfed in blazing flames.
You block the reaper's attack.
SHROANNG!
The Hell Sentinel hits you!!
You feel protected from physical attacks.
You block the Hell Sentinel's attack.
GONNNNG!
Gueth hits you but does no damage.
Unknown command.
Unknown command.
Activating: Disaster Area (0% risk of failure)
Press: ? - help, Dir - look around, f - activate Nature churns violently around you!
The blast of rubble hits Gueth!!
Gueth is almost dead.
The blast of ice hits the reaper!!
The reaper partially resists.
The reaper is severely wounded.
The reaper is flash-frozen.
The blast of ice hits the Hell Sentinel.
The Hell Sentinel partially resists.
The Hell Sentinel is moderately wounded.
The Hell Sentinel is flash-frozen.
The cutting wind hits the tormentor!!!
You kill the tormentor!
The tormentor disappears in a puff of smoke!
The blast of rubble hits the Hell Sentinel!
The Hell Sentinel is moderately wounded.
The blast of rubble hits the reaper!!!
You kill the reaper!
The reaper disappears in a puff of smoke!
The cutting wind hits the Hell Sentinel!!!
The Hell Sentinel is severely wounded.
The cutting wind hits the Hell Sentinel!!
You kill the Hell Sentinel!
The Hell Sentinel disappears in a puff of smoke!
Gueth hits you! Gueth gestures at you. The entropic shot hits you!!!
Ouch! That really hurt!
You die...

▓▓▓▓▓▓▓▓▓▓▓▓▓▓▓▓▓▓▓
▓≈≈≈8©8§§§▓..8©8..▓
▓§§≈≈§§§§§▓...=)..▓
▓§§§§§§§§§▓..))...▓
▓§§§§§§§§§▓...))..▓
▓§§§§§≈≈≈≈▓.......▓
▓§§○§§≈≈≈≈▓.......▓
▓§§§§&.≈≈§▓.......▓
▓§§○°@§°§≈▓.▓...▓.▓
▓.§○§☼≈§§§▓...©...▓
▓▓▓▓▓▓▓▓▓▓▓▓▓▓▓▓▓▓▓
▓..8©8..▓


{{{{{ ▓..)....▓ {{{ ▓..[[...▓ ▓.......▓ ▓.......▓ ▓.†..†..▓ You could see Gueth
(fast).

Vanquished Creatures
  A pandemonium lord (D)
  A dancing weapon (D)
  A deep elf knight (D)
  4 deep elf archers (D)
  A deep elf zephyrmancer (D)
  A manticore (shapeshifter) (D)
  A komodo dragon (D)
  A rime drake (D)
  A slime creature (D)
  An air elemental (D)
  A basilisk (D)
  A fire elemental (D)
  2 swamp drakes (D)
  2 wolves (D)
  2 phantoms (D)
  An earth elemental (D)
  2 necrophages (D)
  3 quasits (D)
  3 jellies (D)
  An iron imp (D)
  A river rat (D)
  A white imp (D)
  An adder skeleton (D)
  An adder zombie (D)
  A jackal (D)
36 creatures vanquished.

Notes
Turn   | Place    | Note
-------+----------+-------------------------------------------
     0 | D        | Midn8 the Demonspawn Fighter began the quest for the Orb.
     0 | D        | Reached XP level 1. HP: 18/18 MP: 1/1
     3 | D        | Found a blossoming altar of Fedhas.
     3 | D        | Found the +6 Majin-Bo {spellvamp, MP+6 Int+6}
     3 | D        | Found the +27 heavy crossbow "Sniper" {heavy, Acc+∞ SInv}
     3 | D        | Found the +10 dark maul {heavy}
     3 | D        | Found the +15 Maxwell's patent armour {-Cast -Tele rElec
                  | Will+ rCorr}
     3 | D        | Found the +18 shield of the Gong {Loud rN+ Will+ rCorr
                  | EV-5}
     3 | D        | Found the +16 obsidian axe {drain, demonic, Mesm Drain Fly
                  | SInv}
     3 | D        | Found the +7 great mace "Firestarter" {flame, immolate,
                  | rFlCloud rF++}
     3 | D        | Found the +6 shillelagh "Devastator" {shatter}
     3 | D        | Found the +11 plutonium sword {Contam Stlth-}
     3 | D        | Found the +8 lance "Wyrmbane" {slay drac, rPois rF+ rC+
                  | AC+3}
     3 | D        | Found the +9 sword of Zonguldrok {reap}
     3 | D        | Found the +13 scythe of Curses {drain, curses, Drain}
     3 | D        | Found the +9 sword of Power {lifebolt}
     3 | D        | Found the +7 mace of Variability {chaos, chaos arc}
     3 | D        | Found the +11 Singing Sword {sonic wave}
     3 | D        | Found the +8 storm bow {elec, penet}
     4 | D        | Found a viscous altar of Jiyva.
     4 | D        | Found a hazy altar of Hepliaklqana.
     4 | D        | Found a transporter.
     4 | D        | Found an opulent altar of Gozag.
     4 | D        | Found an ancient bone altar of Kikubaaqudgha.
     4 | D        | Found a corrupted altar of Lugonu.
     9 | D        | Found a shimmering blue altar of Sif Muna.
     9 | D        | Found a sacrificial altar of Ru.
     9 | D        | Found a bloodstained altar of Trog.
     9 | D        | Found a stormy altar of Qazlal.
     9 | D        | Found an iron altar of Okawaru.
     9 | D        | Found a sparkling altar of Nemelex Xobeh.
    11 | D        | Found a burning altar of Makhleb.
    59 | D        | Became a worshipper of Qazlal Stormbringer
    67 | D        | Entered arena 2.
    67 | D        | Noticed a phantom
    67 | D        | Found a transporter.
    73 | D        | Killed a phantom
    74 | D        | Reached skill level 10 in Invocations
    74 | D        | Gained mutation: Your demonic aura sometimes causes spilled
                  | blood to erupt in flames. [demonic ancestry]
    74 | D        | Reached XP level 2. HP: 18/24 MP: 1/8
    74 | D        | Reached XP level 3. HP: 21/29 MP: 1/9
    74 | D        | Reached XP level 4. HP: 26/35 MP: 1/11
   160 | D        | Entered arena 3.
   160 | D        | Noticed a swamp drake
   160 | D        | Noticed a swamp drake
   160 | D        | Noticed a rime drake
   160 | D        | Found a transporter.
   163 | D        | Killed a rime drake
   163 | D        | Reached * piety under Qazlal
   163 | D        | Killed a swamp drake
   164 | D        | Reached skill level 17 in Invocations
   164 | D        | Gained mutation: You regenerate a little health from kills.
                  | [demonic ancestry]
   164 | D        | Reached XP level 5. HP: 37/41 MP: 12/16
   164 | D        | Gained mutation: You have an unusually large brain. (Int
                  | +2) [demonic ancestry]
   164 | D        | Reached XP level 6. HP: 43/47 MP: 12/17
   164 | D        | Killed a swamp drake
   165 | D        | Reached skill level 18 in Invocations
   201 | D        | Entered arena 4.
   201 | D        | Noticed a slime creature
   201 | D        | Found a transporter.
   204 | D        | Reached ** piety under Qazlal
   205 | D        | Gained mutation: You regenerate health from kills. [demonic
                  | ancestry]
   205 | D        | Reached XP level 7. HP: 52/52 MP: 19/19
   206 | D        | Killed a slime creature
   207 | D        | Reached skill level 20 in Invocations
   314 | D        | Entered arena 5.
   314 | D        | Found the +8 trishula "Condemnation" {holy, anguish, *Noise
                  | Fly rN+}
   314 | D        | Found a transporter.
   316 | D        | Reached *** piety under Qazlal
   320 | D        | Reached skill level 21 in Invocations
   334 | D        | Entered arena 6.
   334 | D        | Noticed a deep elf archer
   334 | D        | Noticed a deep elf knight
   334 | D        | Noticed a deep elf archer
   334 | D        | Noticed a deep elf archer
   334 | D        | Noticed an air elemental
   334 | D        | Found a transporter.
   335 | D        | Paralysed by an air elemental for 1 turns
   337 | D        | Killed a deep elf knight
   337 | D        | Reached **** piety under Qazlal
   338 | D        | Reached skill level 23 in Invocations
   338 | D        | Gained mutation: You have an extremely huge brain. (Int +4)
                  | [demonic ancestry]
   338 | D        | Reached XP level 8. HP: 55/58 MP: 18/23
   339 | D        | Killed an air elemental
   340 | D        | Killed a deep elf archer
   340 | D        | Killed a deep elf archer
   341 | D        | Reached skill level 26 in Invocations
   341 | D        | Gained mutation: You have an absolutely massive brain. (Int
                  | +6, Wiz) [demonic ancestry]
   341 | D        | Reached XP level 9. HP: 49/63 MP: 19/26
   347 | D        | Killed a deep elf archer
   357 | D        | Got the Anthology of Igneous Transposition
   375 | D        | Entered arena 7.
   375 | D        | Noticed a +2 halberd of freezing
   375 | D        | Noticed a faun
   375 | D        | Noticed a deep elf zephyrmancer
   375 | D        | Noticed a deep elf archer
   375 | D        | a faun changed into a snapping turtle
   376 | D        | Killed a deep elf archer
   376 | D        | Reached ***** piety under Qazlal
   376 | D        | Killed a +2 halberd of freezing
   376 | D        | a snapping turtle changed into a moth of wrath
   376 | D        | Noticed a moth of wrath (glowing shapeshifter)
   377 | D        | Reached skill level 27 in Invocations
   377 | D        | Gained mutation: You have a pair of small antennae on your
                  | head. [demonic ancestry]
   377 | D        | Reached XP level 10. HP: 80/82 MP: 23/27
   377 | D        | Killed a deep elf zephyrmancer
   377 | D        | a moth of wrath changed into a steelbarb worm
   377 | D        | Noticed a steelbarb worm (glowing shapeshifter)
   378 | D        | Reached skill level 10 in Fighting
   378 | D        | Reached skill level 1 in Long Blades
   378 | D        | Found a transporter.
   378 | D        | a steelbarb worm changed into a sea snake
   378 | D        | Noticed a sea snake (glowing shapeshifter)
   379 | D        | a sea snake changed into a skyshark
   379 | D        | Noticed a skyshark (glowing shapeshifter)
   380 | D        | a skyshark changed into a swamp worm
   381 | D        | a swamp worm changed into a lindwurm
   381 | D        | Noticed a lindwurm (glowing shapeshifter)
   384 | D        | a lindwurm changed into a manticore
   384 | D        | Noticed a manticore (glowing shapeshifter)
   386 | D        | Killed a manticore
   408 | D        | Entered arena 8.
   409 | D        | Found a transporter.
   418 | D        | Reached skill level 5 in Long Blades
   418 | D        | Reached ****** piety under Qazlal
   425 | D        | Got Roxanne's Verses on the Mutagenic Crater
   435 | D        | Entered arena 9.
   435 | D        | Noticed Mitoor the pandemonium lord
   435 | D        | Noticed Gueth the pandemonium lord
   436 | D        | Noticed an Executioner
   436 | D        | Gained mutation: You have a pair of antennae on your head.
                  | [demonic ancestry]
   436 | D        | Reached XP level 11. HP: 90/90 MP: 28/28
   437 | D        | Killed Mitoor the pandemonium lord
   440 | D        | Noticed a reaper
   441 | D        | Noticed a Hell Sentinel
   442 | D        | Found a transporter.
   446 | D        | Killed from afar by Gueth the pandemonium lord

Illustrated notes

Levels and vault maps discovered:
D:        sprint_v [room_start, room_1, room_2, room_3, room_4, room_5, room_6,
          room_7, room_8, room_9, room_10, room_11, room_12, room_13, room_14,
          room_15, room_16, room_17, room_18, room_19, room_20, room_21,
          room_22, room_23, room_24, room_25, room_26, room_27]

Skill      XL: |  1  2  3  4  5  6  7  8  9 10 11 |
---------------+----------------------------------+-----
Invocations    | 10 17 18 23 26 27 | 27.0
Fighting       | 8 10 | 10.0
Long Blades    | 8 |  8.1
Armour         | 8 |  8.1
Axes           | |  1.7
Shields        | |  2.6

Action                     |  1- 3 |  4- 6 |  7- 9 | 10-12 || total
---------------------------+-------+-------+-------+-------++-------
  Melee: Double sword      |     5 |     4 |    18 |    17 ||    44
 Invoke: Upheaval          |       |       |     2 |     4 ||     6
         Disaster Area     |       |       |       |     2 ||     2
  Evoke: Wand              |     1 |     1 |       |       ||     2
    Use: Potion            |       |       |       |     3 ||     3
 Armour: Plate armour      |     4 |     2 |    16 |    12 ||    34
  Dodge: Dodged            |       |       |     1 |     1 ||     2
  Block: Kite shield       |    10 |     3 |    31 |    43 ||    87

Table legend: (Time is in decaauts)
 A = Elapsed time spent in this place.
 B = Non-inter-level travel time spent in this place.
 C = Inter-level travel time spent in this place.
 D = Time resting spent in this place.
 E = Time spent auto-exploring this place.
 F = Levels seen in this place.
 G = Mean time per level.
                   A        B        C        D        E       F      G
               +--------+--------+--------+--------+--------+-----+--------+
         Total |    482 |    482 |      0 |    234 |      0 |   1 |  482.0 |
       Dungeon |    482 |    482 |      0 |    234 |      0 |   1 |  482.0 |
               +--------+--------+--------+--------+--------+-----+--------+

Top non-repeatable levels by time:
       D: 482 daAuts
